 Dungeon Crawl Stone Soup version 0.29.0-15-g675c0067aa (webtiles) character file.

Game seed: 9139158187767789032

22 qw the Sneak (level 2, -4/19 HPs)
             Began as a Gargoyle Delver on Sept 11, 2022.
             Slain by a water moccasin (6 damage)
             ... on level 2 of the Dungeon.
             The game lasted 00:00:28 (1562 turns).

qw the Sneak (Gargoyle Delver)                      Turns: 1562, Time: 00:00:29

Health: -4/19      AC: 10    Str: 15    XL:     2   Next: 91%
Magic:  2/2        EV:  9    Int: 10    God:
Gold:   74         SH:  0    Dex: 11    Spells: 1/1 levels left

rFire   . . .      SeeInvis .   Y - +1 hand axe
rCold   . . .      Faith    .   (no shield)
rNeg    + . .      Spirit   .   j - +0 scale mail
rPois   inf        Reflect  .   (no helmet)
rElec   +          Harm     .   h - +0 cloak
rCorr   .          Rampage  .   (no gloves)
Will    .....                   (no boots)
Stlth   +.........              (no amulet)
HPRegen 0.06/turn               (no ring)
MPRegen 0.08/turn               (no ring)

@: no status effects
A: sickness immunity, AC +2, negative energy resistance 1, electricity
resistance, torment resistance 1, petrification resistance, mutation resistance
1
a: no special abilities


You were on level 2 of the Dungeon.
You visited 1 branch of the dungeon, and saw 5 of its levels.

You collected 74 gold pieces.


Innate Abilities, Weirdness & Mutations

You are immune to sickness and miasma.
Your stone body is resilient. (AC +2)
You are immune to poison.
You resist negative energy. (rN+)
You are resistant to electric shocks. (rElec)
You are resistant to unholy torment.
You are immune to petrification.
You are somewhat resistant to further mutation.


   Skills:
 - Level 3.2 Fighting
 + Level 2.7 Axes
 - Level 1.0 Armour
 - Level 1.5 Dodging
 - Level 5.4 Stealth


You had one spell level left.
You didn't know any spells.
Your spell library was empty.

Inventory:

Hand Weapons
 d - a +0 mace
 Y - a +1 hand axe (weapon)
Missiles
 b - 2 javelins (quivered)
Armour
 h - a +0 cloak (worn)
 j - a +0 scale mail (worn)
Wands
 g - a wand of digging (3)
Potions
 c - a potion of cancellation {unknown}
 e - 2 potions of mutation
 f - a potion of haste
 k - a potion of might {unknown}
 l - a potion of attraction {unknown}

Dungeon Overview and Level Annotations

Branches:
Dungeon (5/15)
 Temple: D:4-7

Altars:


Message History

The water moccasin bites you.
You closely miss the water moccasin.
The water moccasin is heavily wounded.
The water moccasin bites you but does no damage.
The water moccasin bites you.
You closely miss the water moccasin.
The water moccasin is heavily wounded.
The water moccasin bites you! The water moccasin barely misses you.
You hit the water moccasin.
The water moccasin is heavily wounded.
The water moccasin bites you but does no damage.
You miss the water moccasin.
The water moccasin is heavily wounded.
The water moccasin bites you but does no damage.
The water moccasin barely misses you.
You closely miss the water moccasin.
The water moccasin is heavily wounded.
The water moccasin barely misses you.
You closely miss the water moccasin.
The water moccasin is heavily wounded.
The water moccasin bites you but does no damage.
The water moccasin barely misses you.
You miss the water moccasin.
The water moccasin is heavily wounded.
The water moccasin barely misses you.
The water moccasin bites you but does no damage.
You closely miss the water moccasin.
The water moccasin is heavily wounded.
The water moccasin closely misses you.
You closely miss the water moccasin.
The water moccasin is heavily wounded.
The water moccasin bites you.
The water moccasin bites you but does no damage.
You closely miss the water moccasin.
The water moccasin is heavily wounded.
The water moccasin bites you.
You hit the water moccasin.
The water moccasin is heavily wounded.
The water moccasin bites you.
You die...

##.######.....#....#.# ##
+..#
#.#........#.############
####
#.#.#..#.................
#
#.#........#...........#.
#
#.#..#.#...............#.
#
#.#..#.#..........<....+.
#
#.#..#.................##
# #.#.......#.!....#######
#########.#.....@##......#
..........#.####S........#
..........#...........####
.........##...........#
.........##...........#
.........##...........#
.........''.......#####
.........##.......#
...#.....##.......###


You could see a water moccasin.

Vanquished Creatures
  2 worms (D:2)
  A ball python (D:1)
  2 endoplasms (D:1)
  2 giant cockroaches
  A hobgoblin (D:2)
  2 kobolds
  A quokka (D:3)
  2 goblins (D:2)
  2 rats (D:2)
15 creatures vanquished.

Notes
Turn   | Place    | Note
-------+----------+-------------------------------------------
     0 | D:5      | qw the Gargoyle Delver began the quest for the Orb.
     0 | D:5      | Reached XP level 1. HP: 14/14 MP: 1/1
     0 | D:5      | 0 ||| qw: Version: 0.1-a-117-gfe26ee0
     0 | D:5      | 0 ||| qw: Game counter: 10195
     0 | D:5      | 0 ||| qw: Always use a shield: true
     0 | D:5      | 0 ||| qw: God list: Okawaru
     0 | D:5      | 0 ||| qw: Allow faded altars: false
     0 | D:5      | 0 ||| qw: Do Orc after D:15 true
     0 | D:5      | 0 ||| qw: Do second Lair branch before Depths: true
     0 | D:5      | 0 ||| qw: Lair rune preference: random
     0 | D:5      | 0 ||| qw: Plans: Normal
     0 | D:5      | 0 ||| PLANNING D:1-11
     0 | D:5      | 0 ||| DROPPING scroll of fog.
     1 | D:5      | 1 ||| DROPPING scroll of magic mapping.
     2 | D:5      | 2 ||| DROPPING scroll of fear.
   630 | D:1      | Reached XP level 2. HP: 16/19 MP: 2/2
   911 | D:1      | 911 ||| UPGRADING to +0 cloak.
   916 | D:1      | 916 ||| UPGRADING to +0 scale mail.
   926 | D:1      | 926 ||| DROPPING +0 leather armour.
   927 | D:1      | 927 ||| READING scroll labelled QUCVOIF WASEOKK.
   928 | D:1      | 928 ||| READING scroll labelled CUESATWO MOGY.
   929 | D:1      | 929 ||| READING 3 scrolls labelled VUSTUL LUTT.
   930 | D:1      | 930 ||| DROPPING 2 scrolls of noise.
   989 | D:2      | 989 ||| FLEEEEING.
  1011 | D:2      | 1011 ||| FLEEEEING.
  1012 | D:2      | 1012 ||| FLEEEEING.
  1014 | D:2      | 1014 ||| FLEEEEING.
  1015 | D:2      | 1015 ||| FLEEEEING.
  1016 | D:2      | 1016 ||| FLEEEEING.
  1017 | D:2      | 1017 ||| FLEEEEING.
  1188 | D:2      | Reached skill level 1 in Armour
  1243 | D:2      | Found a faded altar of an unknown god.
  1309 | D:2      | 1309 ||| Stepping ~*~*~tactically~*~*~ (stealth).
  1311 | D:2      | 1311 ||| Stepping ~*~*~tactically~*~*~ (stealth).
  1529 | D:2      | 1529 ||| READING scroll labelled LUP SEWNIUDOY.
  1534 | D:2      | 1534 ||| READING scroll labelled PAGEUTHR QEIXT.
  1535 | D:2      | 1535 ||| READING scroll labelled QOFAQY UMAHU.
  1536 | D:2      | 1536 ||| READING scroll labelled TUREPN MUOG.
  1537 | D:2      | 1537 ||| DRINKING 3 sedimented inky potions.
  1537 | D:2      | Gained mutation: You are somewhat resistant to further
                  | mutation. [potion of mutation]
  1538 | D:2      | 1538 ||| DRINKING 2 bubbling silvery potions.
  1539 | D:2      | 1539 ||| DROPPING potion of magic.
  1545 | D:3      | Noticed a water moccasin
  1548 | D:3      | 1548 ||| STAIRDANCE
  1560 | D:2      | HP: 4/19 [water moccasin (6)]
  1562 | D:2      | Slain by a water moccasin

Levels and vault maps discovered:
D:1:      dpeg_arrival_shrine, layout_rooms, minmay_crystal_room
D:2:      layout_basic, ebering_ecumenical_altar_hall, minmay_misc_feat_tower
D:3:      layout_basic, mainiacjoe_overflow_alcove_2,
          mainiacjoe_overflow_alcove_4
D:4:      layout_basic, vehumet_altar_wand_db
D:5:      layout_loops_ring, mainiacjoe_overflow_catwalk,
          dancing_weapons_uskayaw, minmay_temple_entry_drinking_statues,
          grunt_ministairs_8, minmay_misc_feat_columns

Skill      XL: |  1  2 |
---------------+-------+-----
Axes           | 2 |  2.7
Armour         | 1 |  1.0
Fighting       | |  3.2
Dodging        | |  1.5
Stealth        | |  5.4

Action                   || total
-------------------------++-------
Melee: Hand axe          ||    57
Throw: Javelin           ||    16
  Use: Scroll            ||     7
       Potion            ||     2
Armor: Leather armour    ||     5
       Scale mail        ||    15
Dodge: Dodged            ||    24

Table legend:
 A = Non-vault XP
 B = Vault XP
 C = Vault XP percentage of total XP
 D = Non-vault monster count
 E = Vault monster count
 F = Vault count percentage of total count
                 A         B        C        D         E       F
            +---------+---------+-------+---------+---------+-------
      Total |      32 |       0 |   0.0 |      15 |       0 |   0.0
            +---------+---------+-------+---------+---------+-------
        D:1 |      10 |       0 |   0.0 |       5 |       0 |   0.0
        D:2 |      20 |       0 |   0.0 |       9 |       0 |   0.0
        D:3 |       2 |       0 |   0.0 |       1 |       0 |   0.0
            +---------+---------+-------+---------+---------+-------
